[Event "Titled Tuesday Blitz June 13 Early 2023"]
[White "Szyszylo, Rafal"]
[Black "Acikel, Mert"]
[WhiteFideId "1109626"]
[BlackFideId "12956465"]
[WhiteElo "1951"]
[BlackElo "2097"]
[Result "1-0"]
[Round "7"]
[TimeControl "180+2"]
[Date "2023.06.13"]
[WhiteClock "0:01:29"]
[BlackClock "0:00:49"]
[Board "159"]

1. e4 e5 2. Bc4 Nf6 3. Nc3 Bc5 4. d3 c6 5. Qf3 d6 6. Bg5 Nbd7 7. Nge2 O-O 8. a3 Bb6 9. O-O Qe7 10. Ng3 g6 11. Qe2 Re8 12. Kh1 Qf8 13. Qd2 Bd8 14. f4 h6 15. fxe5 dxe5 16. Bxh6 Qd6 17. Qg5 Nh7 1-0


[Site "https://www.chess.com"]

[Event "Titled Tuesday Blitz June 13 Early 2023"]
[White "campochess"]
[Black "Ansh M Shah"]
[BlackFideId "25033379"]
[WhiteElo "2192"]
[BlackElo "2084"]
[Result "0-1"]
[Round "7"]
[TimeControl "180+2"]
[Date "2023.06.13"]
[WhiteClock "0:00:00"]
[BlackClock "0:00:44"]
[Board "160"]

1. e4 c6 2. d4 d5 3. exd5 cxd5 4. c4 Nf6 5. Nc3 Nc6 6. Bg5 dxc4 7. d5 Ne5 8. Bxc4 Nxc4 9. Qa4+ Bd7 10. Qxc4 h6 11. Bxf6 exf6 12. Nf3 Bd6 13. O-O O-O 14. Rfe1 Rc8 15. Qd3 a6 16. Rad1 b5 17. Ne4 Bf5 18. Nd4 Bg6 19. Nc6 Qd7 20. Qd4 Rfe8 21. f3 Bf8 22. Kh1 f5 23. Ne5 Rxe5 24. Qxe5 fxe4 25. fxe4 Bd6 26. Qd4 f6 27. Rc1 Rd8 28. Qb6 Be5 29. Qxa6 Bxb2 30. Rc6 b4 31. Qc4 Bc3 32. Re2 Bf7 33. a3 Ra8 34. h3 Rxa3 35. Rc8+ Kh7 36. Rc7 Qe8 37. Qc6 Qxc6 38. dxc6 Ra6 39. Rxf7 Rxc6 40. Rd7 Rb6 41. Rd3 Be5 42. Rb3 Ra6 43. g4 Ra3 44. Rxb4 Rxh3+ 45. Kg1 Rg3+ 46. Rg2 Re3 47. Kf1 Bg3 48. Re2 Rd3 49. Kg2 Be5 50. Ra4 Rg3+ 51. Kf2 Rxg4 52. Re3 Rh4 53. Kg2 Rh2+ 54. Kf1 h5 55. Rf3 h4 56. Rf5 Kg6 57. Rxe5 fxe5 58. Ra6+ Kg5 59. Ra7 g6 60. Rf7 h3 0-1


[Site "https://www.chess.com"]

[Event "Titled Tuesday Blitz June 13 Early 2023"]
[White "LeoLV10"]
[Black "le-castor-faineant"]
[WhiteElo "2419"]
[BlackElo "2203"]
[Result "1-0"]
[Round "7"]
[TimeControl "180+2"]
[Date "2023.06.13"]
[WhiteClock "0:01:51"]
[BlackClock "0:00:09"]
[Board "161"]

1. e4 e5 2. Nf3 Nf6 3. Nxe5 d6 4. Nf3 Nxe4 5. Nc3 Nxc3 6. dxc3 Be7 7. Be3 O-O 8. Qd2 a5 9. h4 a4 10. a3 Nc6 11. O-O-O Bf5 12. Rg1 Na5 13. g4 Be4 14. Nd4 Qd7 15. f3 Bc6 16. g5 d5 17. h5 Nc4 18. Bxc4 dxc4 19. g6 fxg6 20. hxg6 h6 21. Qe2 Rae8 22. Kb1 Bf6 23. Qxc4+ Bd5 24. Qd3 Bxd4 25. Qxd4 Rxf3 26. Bc1 c6 27. c4 Re4 28. Qxe4 Bxe4 29. Rxd7 1-0


[Site "https://www.chess.com"]

[Event "Titled Tuesday Blitz June 13 Early 2023"]
[White "Abduzhaparov"]
[Black "Osuna Vega, Enrique"]
[BlackFideId "2219549"]
[WhiteElo "2418"]
[BlackElo "2181"]
[Result "1-0"]
[Round "7"]
[TimeControl "180+2"]
[Date "2023.06.13"]
[WhiteClock "0:00:13"]
[BlackClock "0:00:00"]
[Board "162"]

1. Nf3 c5 2. c4 Nc6 3. d4 cxd4 4. Nxd4 Nf6 5. Nc3 g6 6. e4 d6 7. Be2 Bg7 8. Be3 O-O 9. O-O Be6 10. Rc1 Nxd4 11. Bxd4 Rc8 12. b3 Nd7 13. Be3 a5 14. f4 Nc5 15. Bf3 b6 16. Kh1 Bd7 17. Re1 Bc6 18. Bf2 Qd7 19. Qe2 Qb7 20. Nd5 Rfe8 21. f5 Bxd5 22. exd5 Qd7 23. fxg6 hxg6 24. Bg4 f5 25. Bf3 Bf6 26. Qe3 Kg7 27. Re2 Rh8 28. Rce1 Rce8 29. Qd2 Qc8 30. Bd4 Qd7 31. Qc3 Qd8 32. a3 Rhf8 33. b4 axb4 34. axb4 Nd7 35. Re6 Ne5 36. R1xe5 Bxe5 37. Bxe5+ dxe5 38. Rxe5 e6 39. Rxe6+ Kg8 40. Rxg6+ 1-0


[Site "https://www.chess.com"]

[Event "Titled Tuesday Blitz June 13 Early 2023"]
[White "Matveeva, Olga"]
[Black "Philippe, Guillaume"]
[WhiteFideId "24107018"]
[BlackFideId "36048763"]
[WhiteElo "2009"]
[BlackElo "2387"]
[Result "1-0"]
[Round "7"]
[TimeControl "180+2"]
[Date "2023.06.13"]
[WhiteClock "0:00:17"]
[BlackClock "0:00:02"]
[Board "163"]

1. d4 Nf6 2. c4 e6 3. g3 c5 4. d5 exd5 5. cxd5 d6 6. Nc3 g6 7. Bg2 Bg7 8. Nf3 O-O 9. O-O Nbd7 10. h3 Qe7 11. Nd2 Nh5 12. e4 Re8 13. Re1 Ne5 14. Qc2 Qf8 15. f4 Nd7 16. Kh2 a6 17. a4 f5 18. Nc4 fxe4 19. Nxe4 Ndf6 20. Ncxd6 Bf5 21. Nxf5 gxf5 22. Nxf6+ Qxf6 23. Bd2 Qxb2 24. Qxb2 Bxb2 25. Rab1 Rxe1 26. Bxe1 Re8 27. Rxb2 Rxe1 28. Rxb7 Nf6 29. d6 Rd1 30. Rc7 Rxd6 31. Rxc5 Kg7 32. Rxf5 Rd2 33. Re5 Kf7 34. g4 Rd4 35. a5 Rxf4 36. Bb7 Rxg4 37. Bxa6 Ra4 38. Bb5 Ra2+ 39. Kg3 Kg6 40. a6 Ra3+ 41. Kg2 Ra2+ 42. Kf3 Ra3+ 43. Re3 Ra5 44. Bc4 Kg5 45. Re7 Kf5 46. Bd3+ Kg5 47. Rg7+ Kh6 48. Rf7 Nd5 49. Rxh7+ Kg5 50. Rf7 Nb6 51. Kg3 Nd5 52. h4+ Kh5 53. Rh7# 1-0


[Site "https://www.chess.com"]

[Event "Titled Tuesday Blitz June 13 Early 2023"]
[White "Gomez Barrera, Javiera Belen"]
[Black "Sailer, Mike"]
[WhiteFideId "3418723"]
[BlackFideId "2012901"]
[WhiteElo "2119"]
[BlackElo "2109"]
[Result "1-0"]
[Round "7"]
[TimeControl "180+2"]
[Date "2023.06.13"]
[WhiteClock "0:00:51"]
[BlackClock "0:00:00"]
[Board "164"]

1. e4 d5 2. exd5 Qxd5 3. Nc3 Qd6 4. d4 Nf6 5. Bc4 c6 6. Nge2 Bf5 7. Bf4 Qd8 8. O-O e6 9. Ng3 Bg6 10. Re1 Bd6 11. Bxd6 Qxd6 12. Qd2 Nbd7 13. Rad1 Nb6 14. Bb3 Nbd5 15. Nce2 O-O 16. c4 Ne7 17. Nf4 Nf5 18. Nxg6 hxg6 19. Nxf5 gxf5 20. Re3 Rad8 21. Rh3 Rd7 22. Qg5 Rfd8 23. Rg3 Ne8 24. h4 Kf8 25. h5 Qe7 26. Qf4 Qf6 27. d5 e5 28. Qg5 Qxg5 29. Rxg5 cxd5 30. cxd5 f4 31. Rxe5 Nf6 32. Rf5 Kg8 33. h6 Ne4 34. Rxf4 Nf6 35. hxg7 Kxg7 36. Rfd4 Rd6 37. R1d3 b6 38. Rg3+ Kf8 39. Rg5 Ke7 40. Re5+ Kf8 41. Rf5 Ke7 42. Rdf4 Nxd5 43. Rxf7+ 1-0


[Site "https://www.chess.com"]

[Event "Titled Tuesday Blitz June 13 Early 2023"]
[White "Samarth J Rao"]
[Black "Chandreyee, Hajra"]
[WhiteFideId "46652370"]
[BlackFideId "5056535"]
[WhiteElo "1564"]
[BlackElo "1725"]
[Result "0-1"]
[Round "7"]
[TimeControl "180+2"]
[Date "2023.06.13"]
[WhiteClock "0:00:01"]
[BlackClock "0:00:23"]
[Board "165"]

1. Nf3 e6 2. c4 f5 3. Nc3 Nf6 4. g3 Be7 5. Bg2 d6 6. O-O e5 7. d3 O-O 8. Nd2 Qe8 9. b4 f4 10. a4 Qh5 11. e3 Bg4 12. f3 Bh3 13. g4 Qh6 14. exf4 exf4 15. Nde4 Bxg2 16. Kxg2 Nxe4 17. dxe4 Nc6 18. Nd5 Bg5 19. Bb2 Ne5 20. Bxe5 dxe5 21. Qe2 c6 22. Nc3 Be7 23. c5 a5 24. b5 Kh8 25. Qc4 Rad8 26. Rad1 Qf6 27. Rxd8 Rxd8 28. Rd1 h5 29. Rxd8+ Bxd8 30. Qd3 hxg4 31. fxg4 Be7 32. Qd7 f3+ 33. Kf1 Bxc5 34. Qxb7 Qh4 35. Qc8+ Kh7 36. Qf5+ Kg8 37. Qc8+ Bf8 38. Qe6+ Kh8 39. Qf7 Qh3+ 40. Kf2 Bc5+ 41. Ke1 f2+ 42. Ke2 Qe3+ 43. Kd1 Qd3+ 44. Kc1 Ba3# 0-1


[Site "https://www.chess.com"]

[Event "Titled Tuesday Blitz June 13 Early 2023"]
[White "Gracia Alvarez, Gerardo Antonio"]
[Black "Blackwhite017"]
[WhiteFideId "5109124"]
[WhiteElo "2160"]
[BlackElo "2136"]
[Result "1/2-1/2"]
[Round "7"]
[TimeControl "180+2"]
[Date "2023.06.13"]
[WhiteClock "0:00:03"]
[BlackClock "0:00:09"]
[Board "166"]

1. e4 c5 2. Nf3 d6 3. d4 cxd4 4. Qxd4 Nd7 5. Be2 Ngf6 6. O-O g6 7. c4 Bg7 8. h3 O-O 9. Qe3 b6 10. Nc3 Bb7 11. Rd1 a6 12. Bd2 Qb8 13. Be1 Rc8 14. Rac1 Nc5 15. Nd2 Bc6 16. b4 Ncd7 17. Nb3 a5 18. a3 axb4 19. axb4 Ra3 20. Rb1 Qa8 21. f3 Ne8 22. Nd4 Bb7 23. Ndb5 Ra6 24. Rdc1 Nc7 25. Nd4 Ra3 26. Bd2 Ne6 27. Nxe6 fxe6 28. Qf2 Ba6 29. Nb5 Bxb5 30. cxb5 Rxc1+ 31. Rxc1 Ra1 32. Qe1 Rxc1 33. Qxc1 Qa1 34. Qxa1 Bxa1 35. Kf2 Bd4+ 36. Ke1 e5 37. Bc4+ Kg7 38. Be6 Nf6 39. g4 h5 40. Ke2 hxg4 41. hxg4 Ne8 42. Bd7 Nc7 43. Bc6 g5 44. Kd3 Kf6 45. Kc4 Ne6 46. Bd7 Nf4 47. Bxf4 gxf4 48. Kd3 Bg1 49. Bc8 Be3 50. Bb7 Bg1 51. Bd5 Bf2 52. Bb3 Be1 53. Kc4 e6 54. Ba2 Bh4 55. Bb3 Be1 56. Ba2 Bh4 57. Bb3 Be1 1/2-1/2


[Site "https://www.chess.com"]

[Event "Titled Tuesday Blitz June 13 Early 2023"]
[White "Topalov, Aleksandar"]
[Black "Semenova, Alina"]
[WhiteFideId "925659"]
[BlackFideId "24113875"]
[WhiteElo "2151"]
[BlackElo "1833"]
[Result "1/2-1/2"]
[Round "7"]
[TimeControl "180+2"]
[Date "2023.06.13"]
[WhiteClock "0:01:14"]
[BlackClock "0:01:22"]
[Board "167"]

1. b3 d5 2. Bb2 e6 3. Nf3 Nf6 4. e3 Be7 5. d4 O-O 6. Nbd2 c5 7. Bd3 Nbd7 8. O-O b6 9. Ne5 Bb7 10. f4 Ne4 11. Rf3 f6 12. Nxd7 Qxd7 13. Rh3 g6 14. Qg4 f5 15. Qe2 Bf6 16. Nf3 Rac8 17. Ne5 Bxe5 18. dxe5 Qc7 19. c4 Qd7 20. Rd1 Qe7 21. Rf3 Rfd8 22. Rff1 dxc4 23. Bxc4 Bd5 24. Ba6 Bb7 25. Bc4 Bd5 26. Ba6 Bb7 27. Bc4 1/2-1/2


[Site "https://www.chess.com"]

[Event "Titled Tuesday Blitz June 13 Early 2023"]
[White "Miller, Luke C"]
[Black "Castillo Pena, Patricia Evarista"]
[WhiteFideId "2096935"]
[BlackFideId "6412106"]
[WhiteElo "1836"]
[BlackElo "1859"]
[Result "1-0"]
[Round "7"]
[TimeControl "180+2"]
[Date "2023.06.13"]
[WhiteClock "0:00:09"]
[BlackClock "0:00:03"]
[Board "168"]

1. e4 c5 2. Nf3 d6 3. d4 cxd4 4. Nxd4 Nf6 5. Nc3 a6 6. Bg5 e6 7. f4 h6 8. Bh4 Qb6 9. Qd3 Qxb2 10. Rb1 Qa3 11. e5 dxe5 12. fxe5 Nfd7 13. Nxe6 Bb4 14. Nc7+ Kf8 15. Nd5 Bxc3+ 16. Nxc3 Nc6 17. e6 fxe6 18. Be2 Nce5 19. O-O+ Kg8 20. Qg3 Qc5+ 21. Kh1 Kh7 22. Rbe1 Rf8 23. Ne4 Qxc2 24. Rxf8 Nxf8 25. Qxe5 Bd7 26. Bg3 Bc6 27. Bf3 Ng6 28. Qd4 Rf8 29. Qe3 Qxa2 30. h4 Bxe4 31. Bxe4 h5 32. Qg5 Rf6 33. Qxh5+ Kg8 34. Bxg6 Rxg6 35. Qxg6 Qd2 36. Qxe6+ Kh8 37. Qe8+ Kh7 38. Qh5+ Kg8 39. Re8# 1-0


[Site "https://www.chess.com"]

[Event "Titled Tuesday Blitz June 13 Early 2023"]
[White "Jimenez Garcia, Emmanuel"]
[Black "Vargas, Mauricio"]
[WhiteFideId "6504779"]
[BlackFideId "4404572"]
[WhiteElo "2440"]
[BlackElo "1986"]
[Result "1-0"]
[Round "7"]
[TimeControl "180+2"]
[Date "2023.06.13"]
[WhiteClock "0:00:51"]
[BlackClock "0:00:00"]
[Board "169"]

1. Nf3 Nc6 2. c4 e5 3. b3 f5 4. Bb2 d6 5. d4 e4 6. Nfd2 Nf6 7. e3 g5 8. h4 g4 9. g3 h5 10. Nc3 Bg7 11. Ne2 O-O 12. Nf4 Qe8 13. a3 Ne7 14. d5 Ng6 15. Nxg6 Qxg6 16. Qc2 Nd7 17. O-O-O Ne5 18. Be2 Bd7 19. Kb1 a6 20. c5 Bb5 21. Bc4 Nd3 22. Bxg7 Qxg7 23. Rhf1 Bxc4 24. Nxc4 dxc5 25. Rxd3 exd3 26. Qxd3 Rad8 27. Rd1 Rf7 28. Kc2 Rfd7 29. e4 fxe4 30. Qxe4 Qh7 31. Qxh7+ Kxh7 32. Ne3 Rf8 33. Rd2 Rdf7 34. Nd1 Rd7 35. Ne3 Rfd8 36. Kc3 c6 37. Kc4 cxd5+ 38. Kxc5 d4 39. Nc4 Rd5+ 40. Kb4 Rb5+ 41. Ka4 Rf5 42. Kb4 Rdd5 43. a4 a5+ 44. Ka3 b5 45. axb5 Rxb5 46. Nb2 Rf3 47. Nd3 Rf8 48. Nf4 Rfb8 49. Rd3 Kh6 50. Ne6 R5b6 51. Nc5 Rd8 52. Ne4 Re6 53. Nc5 Re2 54. Nb7 Rd7 55. Nxa5 Rxf2 56. b4 Rg2 57. b5 Ra7 58. Kb4 Rb2+ 59. Nb3 Rc7 60. b6 Rb7 61. Kc5 Rg2 62. Kc6 Rg7 63. Nxd4 1-0


[Site "https://www.chess.com"]

[Event "Titled Tuesday Blitz June 13 Early 2023"]
[White "Vidruska, Renate"]
[Black "Balla, Tamas-Kristof"]
[WhiteFideId "11601841"]
[BlackFideId "1208497"]
[WhiteElo "1976"]
[BlackElo "2334"]
[Result "0-1"]
[Round "7"]
[TimeControl "180+2"]
[Date "2023.06.13"]
[WhiteClock "0:00:17"]
[BlackClock "0:00:22"]
[Board "170"]

1. e4 c5 2. Nf3 Nc6 3. d4 cxd4 4. Nxd4 e5 5. Nf3 Nf6 6. Nbd2 d5 7. exd5 Qxd5 8. Bc4 Qc5 9. O-O Be7 10. Re1 Bg4 11. h3 Bh5 12. Be2 O-O 13. c3 Rfd8 14. Qa4 a6 15. Qc4 Qb6 16. Qb3 Qc7 17. Nc4 e4 18. Nh2 Bxe2 19. Rxe2 Bd6 20. Nxd6 Rxd6 21. Bf4 Rad8 22. Bxd6 Qxd6 23. Rae1 Ne5 24. Qxb7 Nd3 25. Rd1 Rb8 26. Qa7 Qf8 27. Qxa6 Nf4 28. Red2 N6h5 29. Qa7 Re8 30. Qd7 Nf6 31. Qd6 Qxd6 32. Rxd6 h6 33. Ng4 Nh7 34. Ne3 Ng5 35. h4 Nge6 36. g3 Ng6 37. c4 Ne5 38. b4 Ra8 39. b5 Rxa2 40. b6 Rb2 41. Nd5 Nc5 42. Rd8+ Kh7 43. Rc8 Ncd3 44. Nc3 Rxf2 45. Nxe4 Nf3+ 46. Kh1 Rh2# 0-1


[Site "https://www.chess.com"]

[Event "Titled Tuesday Blitz June 13 Early 2023"]
[White "Dishman, Stephen"]
[Black "Novikova, Margarita"]
[WhiteFideId "403024"]
[BlackFideId "14109689"]
[WhiteElo "2204"]
[BlackElo "2013"]
[Result "0-1"]
[Round "7"]
[TimeControl "180+2"]
[Date "2023.06.13"]
[WhiteClock "0:00:22"]
[BlackClock "0:00:12"]
[Board "171"]

1. c4 c5 2. g3 Nf6 3. Bg2 d6 4. Nc3 Nc6 5. Nf3 g6 6. O-O Bg7 7. d4 O-O 8. dxc5 dxc5 9. Qxd8 Rxd8 10. Bf4 a6 11. Ne5 Nxe5 12. Bxe5 Ng4 13. Bxg7 Kxg7 14. Rfd1 Rxd1+ 15. Rxd1 Be6 16. b3 Rb8 17. h3 Nf6 18. a4 b6 19. f4 b5 20. axb5 axb5 21. Nxb5 Bd7 22. e4 Bxb5 23. cxb5 Rxb5 24. e5 Nh5 25. Rd3 e6 26. Kf2 Ra5 27. Rd2 Rb5 28. Rd3 Ra5 29. Bf3 Ra2+ 30. Be2 Kf8 31. Rc3 Rb2 32. Rxc5 Rxb3 33. Bxh5 gxh5 34. Rc8+ Kg7 35. Rc4 Ra3 36. Re4 Rd3 37. Re3 Rd2+ 38. Re2 Rd3 39. Re3 Rd2+ 40. Kf3 Rh2 41. h4 Rh1 42. Ke4 Rf1 43. Rf3 Re1+ 44. Re3 Rf1 45. Rb3 Kg6 46. Rb8 Kg7 47. Rc8 Rg1 48. Kf3 Rf1+ 49. Kg2 Rb1 50. Rc7 Rb2+ 51. Kh3 Rb3 52. f5 Rb6 53. f6+ Kg6 54. Rc8 Kf5 55. Rf8 Rb7 56. Rh8 Kxe5 57. Rxh7 Kxf6 58. Rxh5 Kg6 59. Re5 Re7 60. h5+ Kh6 61. Kh4 f6 62. Re2 e5 63. g4 Ra7 64. Re4 Ra1 65. Ra4 Rxa4 0-1


[Site "https://www.chess.com"]

[Event "Titled Tuesday Blitz June 13 Early 2023"]
[White "Chuemsakul, Sarocha"]
[Black "Nikulina, Alena"]
[WhiteFideId "6203710"]
[BlackFideId "4172051"]
[WhiteElo "1686"]
[BlackElo "1608"]
[Result "0-1"]
[Round "7"]
[TimeControl "180+2"]
[Date "2023.06.13"]
[WhiteClock "0:00:40"]
[BlackClock "0:00:15"]
[Board "172"]

1. d4 d5 2. c4 dxc4 3. Nf3 a6 4. a4 Nf6 5. e3 e6 6. Bxc4 c5 7. O-O Nc6 8. Nc3 Be7 9. d5 exd5 10. Nxd5 O-O 11. Nxe7+ Qxe7 12. Qe2 Bg4 13. h3 Bh5 14. Bd2 Ne5 15. Bc3 Nxf3+ 16. gxf3 Rad8 17. Rfd1 Rxd1+ 18. Rxd1 Rd8 19. Kg2 Ne4 20. Rxd8+ Qxd8 21. Be5 Ng5 22. Qd3 Bxf3+ 23. Kg3 Qc8 24. Qf1 Ne4+ 25. Kh2 Qf5 26. Bf4 g5 27. Bg3 Nd2 28. Qd3 Be4 29. Qd8+ Kg7 30. Be2 Nf3+ 31. Bxf3 Bxf3 32. Qd6 Bc6 33. Be5+ f6 34. Qe7+ Kg6 35. Bg3 Qf3 0-1


[Site "https://www.chess.com"]

[Event "Titled Tuesday Blitz June 13 Early 2023"]
[White "Ardila, Oscar Humberto"]
[Black "Sanchez, Robert"]
[WhiteFideId "4404742"]
[BlackFideId "2034360"]
[WhiteElo "1912"]
[BlackElo "1909"]
[Result "0-1"]
[Round "7"]
[TimeControl "180+2"]
[Date "2023.06.13"]
[WhiteClock "0:00:24"]
[BlackClock "0:01:51"]
[Board "173"]

1. d4 Nf6 2. c4 g6 3. Nc3 d6 4. e4 Bg7 5. Nf3 Nbd7 6. Be2 O-O 7. O-O e5 8. d5 Qe7 9. Bg5 h6 10. Bxf6 Nxf6 11. Qc2 Nh5 12. g3 f5 13. Nh4 Qg5 14. exf5 gxf5 15. Qd1 Nf6 16. b4 f4 17. Nb5 Rf7 18. c5 Bh3 19. cxd6 Bxf1 20. Bxf1 fxg3 21. hxg3 Ng4 22. Nf3 Qh5 23. Bg2 Nxf2 24. Kxf2 e4 25. Qh1 Qxd5 26. Nxc7 Qd4+ 27. Ke2 Qd3+ 28. Ke1 exf3 29. Bxf3 Rxf3 30. Rd1 Bc3+ 0-1


[Site "https://www.chess.com"]

[Event "Titled Tuesday Blitz June 13 Early 2023"]
[White "Kiseleva, Arina"]
[Black "Kopczynski, Michal"]
[WhiteFideId "4164989"]
[BlackFideId "1124200"]
[WhiteElo "1701"]
[BlackElo "2212"]
[Result "0-1"]
[Round "7"]
[TimeControl "180+2"]
[Date "2023.06.13"]
[WhiteClock "0:00:01"]
[BlackClock "0:02:21"]
[Board "174"]

1. d4 Nf6 2. Nf3 g6 3. c4 Bg7 4. Nc3 d6 5. e4 O-O 6. Be2 e5 7. d5 Ne8 8. h3 f5 9. g4 fxg4 10. hxg4 Bxg4 11. Bh6 Bxh6 12. Rxh6 Qf6 13. Ng5 Qxf2+ 14. Kd2 Qf4+ 15. Kd3 Bxe2+ 16. Nxe2 Qxg5 17. Qh1 Rf7 18. Rg1 Qf6 19. Ng3 Qf3+ 20. Qxf3 Rxf3+ 21. Ke2 Rxg3 22. Rxg3 Nd7 23. b4 Nef6 24. Kd3 Rf8 25. a3 Kg7 26. Rh2 h5 27. Rc2 h4 28. Rh3 g5 29. c5 Nh5 30. cxd6 Nf4+ 31. Ke3 Nxh3 32. dxc7 Nb6 33. d6 Rc8 34. a4 Nf4 35. a5 Nd7 36. b5 Ne6 37. Rd2 Nxc7 38. Rc2 Nd5+ 0-1


[Site "https://www.chess.com"]

[Event "Titled Tuesday Blitz June 13 Early 2023"]
[White "Ramirez Vido, Robert Yorisan"]
[Black "De Souza, Cristiano Gomes"]
[WhiteFideId "3513823"]
[BlackFideId "2151758"]
[WhiteElo "2366"]
[BlackElo "2068"]
[Result "1/2-1/2"]
[Round "7"]
[TimeControl "180+2"]
[Date "2023.06.13"]
[WhiteClock "0:00:06"]
[BlackClock "0:00:17"]
[Board "175"]

1. e4 c5 2. Nf3 d6 3. d3 Nc6 4. g3 g6 5. Bg2 Bg7 6. O-O Nf6 7. Re1 O-O 8. c3 Bd7 9. d4 cxd4 10. cxd4 Qc8 11. Nc3 Bh3 12. Bh1 h6 13. e5 dxe5 14. dxe5 Ng4 15. e6 fxe6 16. Qb3 Nd4 17. Nxd4 Bxd4 18. Be3 Bxe3 19. fxe3 Qc5 20. Qxe6+ Kh7 21. Ne4 Rf1+ 22. Rxf1 Qxe3+ 23. Rf2 Nxf2 24. Qf7+ Kh8 25. Nxf2 Bf5 26. Qb3 Qc5 27. Qc3+ Qxc3 28. bxc3 Rd8 29. Rc1 Rd2 30. a4 b6 31. c4 Kg7 32. Bf3 Ra2 33. Bc6 Bc2 34. Kg2 Bxa4 35. Bxa4 Rxa4 36. Ne4 b5 37. Nd2 Ra2 38. Rd1 bxc4 39. Kf3 c3 40. Nb3 Rxh2 41. Rc1 c2 42. Nd4 Kf6 43. Nxc2 e5 44. Ne3 h5 45. Rc6+ Kg5 46. Ra6 h4 47. gxh4+ Kxh4 48. Ke4 Kg5 49. Rxa7 Rh4+ 50. Kf3 Rf4+ 51. Kg3 Rb4 52. Ra5 Rb3 53. Rxe5+ Kf6 54. Re8 Kf7 55. Re4 Kf6 56. Kf2 Rb2+ 57. Kf3 g5 58. Rg4 Rb3 59. Rc4 Rb6 60. Ke4 Re6+ 61. Kf3 Kg6 62. Ng4 Ra6 63. Rc5 Ra3+ 64. Ne3 Ra6 65. Kg4 Ra4+ 66. Nc4 Ra6 67. Ne5+ Kf6 68. Nd7+ Ke6 69. Nf8+ Kf6 70. Rf5+ Kg7 71. Nd7 Rd6 72. Ne5 Rd4+ 73. Kxg5 Rd1 74. Rf7+ Kg8 75. Rb7 Rf1 76. Kg6 Kf8 77. Kg5 Rf2 78. Ng6+ Kg8 79. Nf4 Rf1 80. Kf5 Ra1 81. Rc7 Ra5+ 82. Kg6 Ra6+ 83. Kg5 Ra5+ 84. Kf6 Ra6+ 85. Ne6 Ra1 86. Rg7+ Kh8 87. Rg2 Rf1+ 88. Kg6 Ra1 89. Rh2+ Kg8 90. Kf6 Rf1+ 91. Kg6 Rg1+ 92. Ng5 Ra1 93. Nh7 Rg1+ 94. Kf6 Rf1+ 95. Ke7 Rf7+ 96. Ke8 Rxh7 97. Rxh7 Kxh7 1/2-1/2


[Site "https://www.chess.com"]

[Event "Titled Tuesday Blitz June 13 Early 2023"]
[White "Corredor Castellanos, Camilo"]
[Black "Mirzanurov, Bulat"]
[WhiteFideId "4425871"]
[BlackFideId "4184521"]
[WhiteElo "1994"]
[BlackElo "2005"]
[Result "1-0"]
[Round "7"]
[TimeControl "180+2"]
[Date "2023.06.13"]
[WhiteClock "0:00:21"]
[BlackClock "0:00:00"]
[Board "176"]

1. e4 c5 2. Nf3 d6 3. d4 cxd4 4. Nxd4 Nf6 5. Nc3 a6 6. g3 e5 7. Nb3 Be7 8. Bg2 Be6 9. Nd2 Nbd7 10. Nf1 b5 11. a3 Rc8 12. Ne3 h5 13. h3 Qc7 14. O-O Nc5 15. Kh2 O-O 16. Ned5 Nxd5 17. exd5 Bf5 18. Qxh5 Bxc2 19. Bg5 Bg6 20. Qh4 Bxg5 21. Qxg5 Qd8 22. Qe3 Nb3 23. Rae1 Nd4 24. Qd2 Re8 25. f4 Nb3 26. Qf2 Nc5 27. Qd2 exf4 28. gxf4 Rxe1 29. Rxe1 Qf6 30. Bf3 Nd3 31. Rf1 Qxf4+ 32. Qxf4 Nxf4 33. Bg4 Rc4 34. Re1 Nd3 35. Re8+ Kh7 36. Rd8 Ne5 37. Rxd6 Nxg4+ 38. hxg4 Rxg4 39. Rxa6 Rd4 40. Kg3 Be4 41. d6 Bb7 42. Rb6 Bc8 43. Nxb5 Rd5 44. Nc3 Rd3+ 45. Kf4 Rd4+ 46. Ke3 Rd5 47. Rc6 1-0


[Site "https://www.chess.com"]

[Event "Titled Tuesday Blitz June 13 Early 2023"]
[White "Gertler, David"]
[Black "Luxama, Jacques Muller"]
[WhiteFideId "2017377"]
[BlackFideId "11900113"]
[WhiteElo "2314"]
[BlackElo "1931"]
[Result "1-0"]
[Round "7"]
[TimeControl "180+2"]
[Date "2023.06.13"]
[WhiteClock "0:00:08"]
[BlackClock "0:00:00"]
[Board "177"]

1. e4 e6 2. d4 d5 3. Nd2 Nf6 4. Bd3 dxe4 5. Nxe4 Be7 6. Nf3 O-O 7. O-O b6 8. Qe2 Bb7 9. b3 Nbd7 10. c4 c5 11. Bb2 cxd4 12. Bxd4 Qc7 13. Rad1 Rfd8 14. Rfe1 Nxe4 15. Bxe4 Bxe4 16. Qxe4 Bf6 17. h3 Bxd4 18. Qxd4 Nc5 19. Qh4 h6 20. g3 a5 21. Nd4 Qb7 22. Nb5 Nd3 23. Re3 Ne5 24. Rxd8+ Rxd8 25. Qxd8+ Kh7 26. Nd4 Ng6 27. Qd6 e5 28. Nf5 Qc8 29. Ne7 1-0


[Site "https://www.chess.com"]

[Event "Titled Tuesday Blitz June 13 Early 2023"]
[White "Xavier_mompel"]
[Black "Georg, Heinz"]
[BlackFideId "4607295"]
[WhiteElo "2193"]
[BlackElo "2312"]
[Result "1-0"]
[Round "7"]
[TimeControl "180+2"]
[Date "2023.06.13"]
[WhiteClock "0:01:53"]
[BlackClock "0:00:00"]
[Board "178"]

1. e4 e5 2. Nf3 Nc6 3. Bc4 Nf6 4. d3 d5 5. exd5 Nxd5 6. O-O Nb6 7. Bb5 Bg4 8. Bxc6+ bxc6 9. Re1 Qf6 10. h3 Bxf3 11. Qxf3 O-O-O 12. Qg4+ Kb8 13. Bg5 h5 14. Bxf6 hxg4 15. Bxd8 gxh3 16. gxh3 Rxh3 17. Rxe5 Bd6 18. Re3 Rh6 19. Kf1 Kc8 20. Bg5 Rh1+ 21. Kg2 Rh5 22. Re8+ Kb7 23. Be3 Nd5 24. Nc3 Nb4 25. Rc1 f6 26. Ne4 Be5 27. d4 Bd6 28. Nxd6+ cxd6 29. Re7+ Kb6 30. Rxg7 1-0


[Site "https://www.chess.com"]

[Event "Titled Tuesday Blitz June 13 Early 2023"]
[White "Fabris, Alberto"]
[Black "Vaglio Munoz, Jaime"]
[WhiteFideId "801348"]
[BlackFideId "6500145"]
[WhiteElo "2171"]
[BlackElo "2199"]
[Result "1/2-1/2"]
[Round "7"]
[TimeControl "180+2"]
[Date "2023.06.13"]
[WhiteClock "0:00:27"]
[BlackClock "0:00:14"]
[Board "179"]

1. e4 Nf6 2. e5 Nd5 3. d4 d6 4. Nf3 dxe5 5. Nxe5 c6 6. c3 Nd7 7. Bc4 Nxe5 8. dxe5 Be6 9. O-O g6 10. Nd2 Bg7 11. Nf3 Nxc3 12. Qxd8+ Rxd8 13. Bxe6 Ne2+ 14. Kh1 fxe6 15. Be3 O-O 16. Bxa7 Nf4 17. Rfd1 Rd5 18. Rxd5 exd5 19. Bc5 Nd3 20. Bxe7 Re8 21. Bf6 Nxf2+ 22. Kg1 Ng4 23. Bxg7 Kxg7 24. Re1 Nh6 25. Kf1 Nf7 26. Kf2 Nd8 27. Nd4 c5 28. Nf3 Ne6 29. Ke3 b5 30. Kd2 Ra8 31. a3 Ra4 32. Rf1 g5 33. h3 h5 34. g3 b4 35. axb4 Rxb4 36. Kc2 g4 37. hxg4 Rxg4 38. Rg1 Ng5 39. Nh4 Ne4 40. Nf5+ Kf8 41. Ne3 Rxg3 42. Rxg3 Nxg3 43. Nxd5 h4 44. Nf4 Ne4 45. Kd3 Ng5 46. Kc4 h3 47. Nxh3 Nxh3 48. Kxc5 Nf4 49. Kd6 Ke8 50. b4 Kd8 51. b5 Kc8 52. e6 Nxe6 53. Kxe6 Kc7 54. Kd5 Kb6 55. Kc4 Kb7 56. Kc5 Kc7 57. b6+ Kb7 58. Kb5 Kb8 59. Ka5 Kb7 60. Kb5 Kb8 61. Kc6 Kc8 62. b7+ Kb8 63. Kb6 1/2-1/2


[Site "https://www.chess.com"]